 Dungeon Crawl Stone Soup version 0.24-a0-134-gd0b080c8eb (webtiles) character file.

Game seed: 162147791447703293

1001 MirrMurr the Skirmisher (level 8, -2/87 HPs)
             Began as an Ogre Berserker on Feb 28, 2019.
             Was a Priest of Trog.
             Slain by an orc
             ... wielding a +0 trident
              (4 damage)
             ... on level 6 of the Dungeon.
             The game lasted 00:10:29 (5121 turns).

MirrMurr the Skirmisher (Ogre Berserker)            Turns: 5121, Time: 00:10:30

Health: -2/87      AC:  6    Str: 22    XL:     8   Next: 20%
Magic:  8/8        EV: 11    Int:  8    God:    Trog [***...]
Gold:   288        SH:  0    Dex: 10    Spells: 7/7 levels left

rFire    . . .     SeeInvis .   a - +0 trident
rCold    . . .     Gourm    .   (no shield)
rNeg     . . .     Faith    .   j - +0 robe
rPois    +         Spirit   .   (helmet restricted)
rElec    .         Reflect  .   (no cloak)
rCorr    .         Harm     .   (gloves unavailable)
MR       .....                  (boots unavailable)
Stlth    +.........             (no amulet)
HPRegen  0.24/turn              y - ring of poison resistance
MPRegen  0.11/turn              z - +3 ring of protection

@: berserk cooldown, slowed, very slow
A: large, unfitting armour, tough skin 1
a: Berserk, Trog's Hand, Renounce Religion


You were on level 6 of the Dungeon.
You worshipped Trog.
Trog was most pleased with you.
You were very hungry.

You visited 2 branches of the dungeon, and saw 7 of its levels.

You collected 288 gold pieces.

Inventory:

Hand Weapons
 a - a +0 trident (weapon)
 b - a +0 hunting sling
Missiles
 h - 124 stones (quivered)
 k - 37 sling bullets
 t - 3 throwing nets {!f}
 x - 27 poisoned needles
Armour
 j - a +0 robe (worn)
Jewellery
 y - a ring of poison resistance (left hand)
 z - a +3 ring of protection (right hand)
 C - a cursed amulet of inaccuracy {unknown}
Wands
 v - a wand of polymorph (5)
 w - a wand of flame (15)
Scrolls
 d - 2 scrolls of fog
 f - a scroll of magic mapping {unknown}
 g - 6 scrolls of teleportation
 r - 5 scrolls of remove curse
 u - a scroll of fear
Potions
 e - 2 potions of agility
 i - a potion of magic {unknown}
 l - a potion of curing
 m - a potion of haste {unknown}
 n - a potion of resistance {unknown}
 o - 2 potions of mutation
 p - 2 potions of lignification {unknown}
 q - a potion of flight {unknown}
 s - 3 potions of heal wounds {unknown}
 A - 2 potions of might
 B - 2 potions of invisibility {unknown}
 D - a potion of degeneration {unknown}
 F - a potion of berserk rage {unknown}
Comestibles
 c - 8 rations
 E - 6 chunks of flesh


   Skills:
 + Level 7.1 Fighting
 * Level 7.0 Polearms
 + Level 1.9 Throwing
 + Level 4.8 Dodging


You had 7 spell levels left.
You didn't know any spells.
Your spell library was empty.

Dungeon Overview and Level Annotations

Branches:
Dungeon (6/15)             Temple (1/1) D:6

Altars:
Cheibriados
Gozag
Nemelex Xobeh
Ru
Sif Muna

Shops:
D:5 *


Innate Abilities, Weirdness & Mutations

You are too large for most types of armour.
You have tough skin. (AC +1)


Message History

The orc barely misses you.
You feel better. The orc warrior barely misses you.
The orc hits you from afar with a +0 trident.
* * * LOW HITPOINT WARNING * * *
The orc warrior hits you with a +0 long sword.
* * * LOW HITPOINT WARNING * * *
You feel better. The orc barely misses you.
The orc warrior hits you with a +0 long sword.
* * * LOW HITPOINT WARNING * * *
The orc closely misses you.
You closely miss the orc warrior.
The orc warrior is lightly wounded.
The orc warrior hits you but does no damage.
The orc hits you but does no damage.
You hit the orc warrior but do no damage.
The orc warrior is lightly wounded.
The orc warrior hits you with a +0 long sword!
* * * LOW HITPOINT WARNING * * *
The orc hits you from afar with a +0 trident.
You die...

.... #### #. ....
....#####. ...
#....... .o#
##...... #o#
##.....÷. #o#
#........ #o#
####........ #o#
............ #@#
........... #.#
###.......
#.##########.><...
#.........#.......
#.....÷.....####.#
#.........###.....
#.........##..##.#
#................#
#.........##>###..


You could see an orc warrior and 4 orcs.

Vanquished Creatures
  2 orc warriors (D:6)
  An ogre (D:5)
  2 scorpions (D:5)
  2 hounds
  An orc priest (D:3)
  2 iguanas (D:5)
  6 worker ants
  2 orc wizards (D:6)
  Natasha (thrice) (D:4)
  3 gnolls (D:3)
  A howler monkey skeleton (D:5)
  7 adders
  An adder skeleton (D:4)
  3 worms
  2 dart slugs
  7 leopard geckos
  10 orcs
  A ball python (D:4)
  4 bats
  4 giant cockroaches
  9 hobgoblins
  9 jackals
  5 kobolds
  2 quokkas (D:2)
  6 frilled lizards
  A giant cockroach zombie (D:4)
  7 goblins
  A leopard gecko skeleton (D:5)
  2 quokka skeletons (D:5)
  2 rats
108 creatures vanquished.

Notes
Turn   | Place    | Note
-------+----------+-------------------------------------------
     0 | D:1      | MirrMurr the Ogre Berserker began the quest for the Orb.
     0 | D:1      | Reached XP level 1. HP: 24/24 MP: 1/1
    87 | D:1      | Reached XP level 2. HP: 32/32 MP: 2/2
   848 | D:2      | Reached XP level 3. HP: 34/40 MP: 3/3
   973 | D:2      | Found a snail-covered altar of Cheibriados.
  1074 | D:2      | Reached ** piety under Trog
  1474 | D:2      | Found a sparkling altar of Nemelex Xobeh.
  1474 | D:2      | Found a sacrificial altar of Ru.
  1778 | D:3      | Reached XP level 4. HP: 20/49 MP: 4/4
  2249 | D:3      | Reached skill level 5 in Fighting
  2249 | D:3      | Reached XP level 5. HP: 41/57 MP: 5/5
  3002 | D:4      | Reached skill level 5 in Polearms
  3065 | D:4      | Reached XP level 6. HP: 41/66 MP: 6/6
  3189 | D:4      | Noticed Natasha
  3199 | D:4      | Killed Natasha
  3593 | D:4      | Noticed Natasha
  3603 | D:4      | Killed Natasha
  4242 | D:5      | Entered Level 5 of the Dungeon
  4254 | D:5      | Reached XP level 7. HP: 75/75 MP: 7/7
  4359 | D:4      | Noticed Natasha
  4363 | D:4      | Killed Natasha
  4410 | D:5      | Reached *** piety under Trog
  4439 | D:5      | Found a deep blue altar of Sif Muna.
  4518 | D:5      | Found Gozag's Platinum Reserve.
  4539 | D:5      | Found an opulent altar of Gozag.
  4748 | D:6      | Found a staircase to the Ecumenical Temple.
  4770 | Temple   | Entered the Ecumenical Temple
  4984 | D:6      | Reached skill level 1 in Throwing
  5077 | D:6      | Reached XP level 8. HP: 34/84 MP: 8/8
  5115 | D:6      | HP: 3/87 [orc warrior/+0 long sword (7)]
  5121 | D:6      | HP: 2/87 [orc warrior/+0 long sword (7)]
  5121 | D:6      | Slain by an orc

Levels and vault maps discovered:
D:1:      dpeg_arrival_erosion, layout_loops_cross, hangedman_decor_peaks_small
D:2:      layout_basic, lemuel_crystal_altar, gammafunk_temple_overflow_wave,
          first_ration, minmay_liquid_box, minmay_tromino_v4_b
D:3:      layout_basic
D:4:      wander_river, layout_layer_cave, uniq_natasha
D:5:      layout_rooms, lemuel_round_altar, serial_glass, glass_columns_b,
          glass_columns_b, nicolae_gozag_zags_fifth_avenue
D:6:      layout_rooms, minmay_temple_entry_butterflies
Temple:   minmay_temple_curvy_branch

Skill      XL: |  1  2  3  4  5  6  7  8 |
---------------+-------------------------+-----
Dodging        | 3 4 |  4.8
Polearms       | 4 5 6 7 |  7.0
Fighting       | 5 6 7 |  7.1
Throwing       | 1 |  1.9

Action                   |  1- 3 |  4- 6 |  7- 9 || total
-------------------------+-------+-------+-------++-------
Melee: Spear             |   132 |   182 |       ||   314
       Trident           |       |       |   108 ||   108
 Fire: Hunting sling     |       |    44 |    41 ||    85
Invok: Berserk           |     1 |     2 |     1 ||     4
       Trog's Hand       |       |       |     1 ||     1
  Use: Scroll            |       |    15 |     1 ||    16
       Potion            |       |       |     4 ||     4
 Stab: Sleeping          |     1 |     1 |       ||     2
  Eat: Chunk             |     3 |     9 |     1 ||    13
       Ration            |       |     1 |       ||     1
Armor: Animal skin       |     2 |       |       ||     2
       Robe              |    18 |    22 |    27 ||    67
Dodge: Dodged            |    40 |    61 |    56 ||   157

Table legend:
 A = Non-vault XP
 B = Vault XP
 C = Vault XP percentage of total XP
 D = Non-vault monster count
 E = Vault monster count
 F = Vault count percentage of total count
                 A         B        C        D         E       F
            +---------+---------+-------+---------+---------+-------
      Total |    1394 |      37 |   2.6 |     105 |       3 |   2.8
            +---------+---------+-------+---------+---------+-------
        D:1 |      22 |       0 |   0.0 |      13 |       0 |   0.0
        D:2 |      39 |       4 |   9.3 |      14 |       2 |  12.5
        D:3 |     201 |       0 |   0.0 |      25 |       0 |   0.0
        D:4 |     263 |      33 |  11.1 |      21 |       1 |   4.5
        D:5 |     409 |       0 |   0.0 |      13 |       0 |   0.0
        D:6 |     460 |       0 |   0.0 |      19 |       0 |   0.0
            +---------+---------+-------+---------+---------+-------
